 Dungeon Crawl Stone Soup version 0.30.1-9-gdf580d7c3d (webtiles) character file.

Game seed: 5034492284030397671

36712 Ijustatesigmund the Geomancer (level 13, -1/81 HPs)
             Began as a Gargoyle Earth Elementalist on Oct 16, 2023.
             Was a High Priest of Vehumet.
             Shot with an arrow by a centaur warrior (11 damage)
             ... on level 13 of the Dungeon.
             The game lasted 00:41:11 (18398 turns).

Ijustatesigmund the Geomancer (GrEE)               Turns: 18398, Time: 00:41:12

Health: -1/81      AC: 19    Str: 18    XL:     13   Next: 92%
Magic:  8/26       EV: 11    Int: 26    God:    Vehumet [*****.]
Gold:   649        SH:  0    Dex: 13    Spells: 3/30 levels left

rFire   . . .        G - +11 dire flail "Killer Bee's Curse" {pain, Fly rElec Int+5}
rCold   + . .        (shield currently unavailable)
rNeg    + . .        P - +0 troll leather armour
rPois   ∞            (helmet restricted)
rElec   +            N - +0 cloak
rCorr   .            K - +0 pair of fencer's gloves {Riposte Dex+3}
SInv    .            n - +2 pair of boots
Will    .....        q - amulet of regeneration
Stlth   ++           A - ring of protection from cold
HPRegen 1.93/turn    c - +6 ring of strength
MPRegen 0.20/turn

%: no passive effects
@: flying
A: sickness immunity, AC +9, negative energy resistance 1, electricity
resistance, torment resistance 1, petrification resistance, antennae 1, passive
freeze
a: Renounce Religion


You were on level 13 of the Dungeon.
You worshipped Vehumet.
Vehumet was extremely pleased with you.
You visited 1 branch of the dungeon, and saw 15 of its levels.
You also visited: Ossuary.

You collected 881 gold pieces.
You spent 232 gold pieces at shops.

Inventory:

Hand Weapons
 d - a +3 morningstar of protection
 G - the +11 dire flail "Killer Bee's Curse" (weapon) {pain, Fly rElec Int+5}
   (You found it on level 6 of the Dungeon)

   Int:       It affects your intelligence (+5).
   rElec:     It insulates you from electricity.
   Fly:       It grants you flight.
Missiles
 I - 2 throwing nets
Armour
 a - +0 acid dragon scales
 k - the +18 Lear's hauberk
   (You found it on level 6 of the Dungeon)
 n - a +2 pair of boots (worn)
 F - a +1 helmet
 K - the +0 pair of fencer's gloves (worn) {Riposte Dex+3}
   (You found it on level 9 of the Dungeon)

   Riposte:   It allows the wearer to riposte with melee weapons, swiftly
   retaliating against missed or blocked melee attacks.
   Dex:       It affects your dexterity (+3).
 N - a +0 cloak (worn)
 P - a +0 troll leather armour (worn)
Magical Staves
 R - a staff of earth
 T - a staff of fire
Jewellery
 c - a +6 ring of strength (right hand)
 q - an amulet of regeneration (around neck)
 t - a ring of protection from fire
 y - an amulet of the acrobat
 A - a ring of protection from cold (left hand)
 O - a ring of fire
 S - an amulet of magic regeneration
Wands
 e - a wand of flame (42)
 j - a wand of charming (10)
 J - a wand of roots (7)
 Q - a wand of polymorph (10)
Scrolls
 g - 2 scrolls of amnesia
 h - 4 scrolls of immolation
 p - 11 scrolls of teleportation
 u - 4 scrolls of enchant weapon
 w - 2 scrolls of poison
 z - 6 scrolls of brand weapon
 C - 2 scrolls of blinking
 L - a scroll of fear
 M - a scroll of torment
 U - a scroll of fog
 V - a scroll of enchant armour
Potions
 b - a potion of magic
 f - 2 potions of cancellation
 i - 4 potions of haste
 l - 5 potions of lignification
 m - 6 potions of mutation
 o - 3 potions of flight
 r - 7 potions of curing
 s - 2 potions of attraction
 v - 6 potions of heal wounds
 x - 4 potions of ambrosia
 B - 3 potions of brilliance
 D - 3 potions of resistance
 E - 2 potions of invisibility
 H - 3 potions of might


   Skills:
 + Level 9.6 Fighting
 + Level 10.6 Maces & Flails
 - Level 2.0 Armour
 - Level 1.5 Dodging
 - Level 2.1 Stealth
 - Level 9.0 Spellcasting
 - Level 9.4 Conjurations
 - Level 2.6 Necromancy
 - Level 2.9 Translocations
 - Level 0.7 Transmutations
 + Level 8.2 Fire Magic
 - Level 5.0 Ice Magic
 - Level 2.6 Air Magic
 - Level 11.2 Earth Magic


You had 3 spell levels left.
You knew the following spells:

 Your Spells              Type           Power      Damage    Failure   Level
a - Sandblast             Erth           100%       2d20      1%          1
b - Stone Arrow           Conj/Erth      100%       3d13      1%          3
c - Frozen Ramparts       Ice            76%        1d12      1%          3
d - Freezing Cloud        Conj/Ice/Air   20%        6-21      4%          5
e - Blink                 Tloc           52%        N/A       2%          2
f - Passwall              Tmut/Erth      35%        N/A       1%          2
g - Starburst             Conj/Fire      27%        6d9       7%          6
h - Fireball              Conj/Fire      27%        3d12      1%          5

Your spell library contained the following spells:

 Spells                   Type           Power      Damage    Failure   Level
 Freeze                   Ice            100%       1d10      1%          1
 Kiss of Death            Conj/Necr      100%       2d13      1%          1
 Poisonous Vapours        Pois/Air       36%        N/A       1%          2
 Static Discharge         Conj/Air       86%        2-6/arc   1%          2
 Hailstorm                Conj/Ice       49%        3d11      1%          3
 Sting                    Tmut/Pois      52%        1d5       5%          1
 Confusing Touch          Hex            11%        N/A       19%         3
 Summon Guardian Golem    Hex/Summ       11%        N/A       19%         3
 Tukima's Dance           Hex            11%        N/A       19%         3
 Airstrike                Air            12%        2d(2-18)  5%          4
 Petrify                  Tmut/Erth      42%        N/A       5%          4
 Olgreb's Toxic Radiance  Pois           11%        N/A       16%         4
 Manifold Assault         Tloc           26%        N/A       19%         4
 Passage of Golubria      Tloc           26%        N/A       19%         4
 Dispel Undead            Necr           25%        3d12      21%         4
 Orb of Destruction       Conj           28%        9d9       26%         7
 Summon Lightning Spire   Summ/Air       18%        N/A       34%         4
 Yara's Violent Unravell  Hex/Tmut       6%         3d5       34%         5
 Spellforged Servitor     Conj/Summ      18%        N/A       83%         7
 Storm Form               Tmut/Air       10%        N/A       100%        7


Dungeon Overview and Level Annotations

Branches:
Dungeon (15/15)            Temple (0/1) D:6            Lair (0/5) D:9
 Depths (0/4) D:15        Ossuary (visited)
    Orc: D:9-12      Vaults: D:13-14

Altars:
Cheibriados
Dithmenos
Elyvilon
Gozag
Hepliaklqana
Kikubaaqudgha
Nemelex Xobeh
Okawaru
Trog
Uskayaw
Vehumet
Xom
Yredelemnul
Zin
The Shining One

Shops:
D:3 (**   D:6 *

Portals:
Trove: D:12 (give 9 potions of haste)


Innate Abilities, Weirdness & Mutations

You are immune to sickness and miasma.
Your stone body is resilient. (AC +9)
You are immune to poison.
You resist negative energy. (rN+)
You are resistant to electric shocks. (rElec)
You are resistant to unholy torment.
You are immune to petrification.
You have a pair of small antennae on your head.
A frigid envelope surrounds you and freezes all who hurt you.


Message History

Press: ? - help, Dir - move target, f - you, p - troll That beam is likely to hit you.
Continue anyway? [Y]es or [N]o only, please.
That beam is likely to hit you.
Continue anyway?
Okay, then.
Unknown command.
Casting: Freezing Cloud (dangerous; 4% risk of failure)
Confirm with . or Enter, or press ? or * to list all spells.
Aiming: Fireball (dangerous; 1% risk of failure)
Press: ? - help, Shift-Dir - straight line, f - troll
Aim: a troll (freezing vapour, moderately wounded)
The fireball explodes!
The fireball engulfs the troll!
The troll is heavily wounded.
You hear a sizzling sound! x6
The centaur warrior is engulfed in freezing vapours.
The centaur warrior shoots an arrow.
The arrow hits you!!
Casting: Fireball (dangerous; 1% risk of failure)
Confirm with . or Enter, or press ? or * to list all spells.
Aiming: Fireball (dangerous; 1% risk of failure)
Press: ? - help, Shift-Dir - straight line, f/p - troll
Aim: a troll (heavily wounded)
The fireball explodes!
The fireball engulfs the troll!
The troll is almost dead.
The centaur warrior is engulfed in freezing vapours.
The centaur warrior shoots an arrow.
The arrow hits you!
Casting: Fireball (dangerous; 1% risk of failure)
Confirm with . or Enter, or press ? or * to list all spells.
Aiming: Fireball (dangerous; 1% risk of failure)
Press: ? - help, Shift-Dir - straight line, f/p - troll
Aim: a troll (almost dead)
The fireball explodes!
The fireball engulfs the troll!!
You kill the troll!
Vehumet accepts your kill.
You feel your power returning.
The centaur warrior shoots an arrow.
The arrow hits you!!
* * * LOW HITPOINT WARNING * * *
The centaur warrior shoots an arrow.
The arrow hits you!
* * * LOW HITPOINT WARNING * * *
The centaur warrior shoots an arrow.
The arrow hits you!
You die...

................ ..... ....
................ ....# #...
......)......... ####...# #...
.#####.......... #..#...# #...
.#.. #.......... #..#...# #...
.#...###........ #..#...#####...
##.....#'##########..#...........
#....................#...........
#...............@.####...........
......####'#.....#..............
......#....#.....#...|........##
......#....#.....#.......######
..... #....#...[.#.......# .....
#....#.....#.......#
#....#..c..#).....## ##
######..§§§##.....# .#
.........#...†.#


You could see a centaur warrior.

Vanquished Creatures
  Rupert (D:13)
  Snorg (D:14)
  2 centaur warriors
  A hydra (D:13)
  4 boulder beetles
  A two-headed ogre (D:9)
  A skeletal warrior (D:13)
  2 wizards
  Pikel (D:4)
  An orc knight (D:13)
  10 ugly things
  A necromancer (D:15)
  2 deep elf pyromancers (D:13)
  2 orc sorcerers (D:15)
  5 cyclopes
  A manticore (D:11)
  Joseph (D:8)
  A gargoyle (D:14)
  A naga mage (D:15)
  4 kobold demonologists
  A rime drake (D:9)
  A centaur skeleton (D:15)
  3 tengu conjurers (D:15)
  5 trolls
  A queen bee (D:9)
  A hornet (D:8)
  A meliai zombie (D:15)
  2 shadows
  2 vampires
  3 water elementals (D:14)
  16 yaks
  Eustachio (D:5)
  A wraith (D:12)
  16 humans (D:13)
  2 wyverns
  11 vampire mosquitoes
  2 acid dragons
  A floating eye (shapeshifter) (D:14)
  2 sky beasts (D:7)
  A black bear (D:6)
  9 ice beasts
  3 boggarts (D:15)
  7 wolves
  A phantom (D:3)
  An elf zombie (Ossuary)
  2 lemures (D:4)
  3 kobold brigands
  2 bullfrogs (D:7)
  3 gnoll sergeants
  4 scorpions
  16 wights
  An electric eel (D:14)
  29 killer bees
  4 howler monkeys
  3 centaur zombies
  2 human zombies (Ossuary)
  4 jellies
  9 orc priests
  6 hounds
  A gnoll bouda (D:8)
  2 iguanas
  2 sleepcaps
  6 orc wizards
  4 hound zombies (Ossuary)
  3 mummies (Ossuary)
  11 adders
  16 gnolls
  5 adder zombies (Ossuary)
  3 worms
  A dart slug (D:3)
  40 orcs
  A ball python (D:4)
  5 endoplasms
  3 giant cockroaches
  10 goblins
  7 hobgoblins
  4 jackals
  21 kobolds
  2 quokkas (D:5)
  3 bats
  A frilled lizard (D:1)
  2 goblin zombies (Ossuary)
  2 hobgoblin zombies (Ossuary)
  7 jackal zombies (Ossuary)
  2 kobold zombies (Ossuary)
  An orc zombie (Ossuary)
  A quokka zombie (Ossuary)
  9 rats
  4 rat zombies (Ossuary)
404 creatures vanquished.

Vanquished Creatures (others)
  An orc wizard (D:3)
1 creature vanquished.

Grand Total: 405 creatures vanquished

Notes
Turn   | Place    | Note
-------+----------+-------------------------------------------
     0 | D:1      | Ijustatesigmund the Gargoyle Earth Elementalist began the
                  | quest for the Orb.
     0 | D:1      | Reached XP level 1. HP: 10/10 MP: 3/3
   164 | D:1      | Reached XP level 2. HP: 16/16 MP: 3/5
   191 | D:1      | Reached skill level 1 in Fighting
   627 | D:1      | Reached skill level 4 in Earth Magic
  1273 | D:2      | Found a hide-covered altar of Uskayaw.
  1547 | D:2      | Reached XP level 3. HP: 20/20 MP: 3/6
  1551 | D:2      | Learned a level 3 spell: Stone Arrow
  2244 | D:3      | Reached XP level 4. HP: 25/25 MP: 3/8
  2289 | D:3      | Reached skill level 1 in Conjurations
  2441 | D:3      | Noticed a phantom
  2447 | D:3      | Killed a phantom
  2448 | D:3      | Reached skill level 5 in Earth Magic
  2448 | D:3      | Reached XP level 5. HP: 27/29 MP: 4/9
  3200 | D:3      | Found Fuihan's Assorted Antiques.
  3208 | D:3      | Bought a scroll labelled OTUELLUV OSCHUMUO for 24 gold
                  | pieces
  3229 | D:3      | Reached XP level 6. HP: 34/34 MP: 9/11
  3284 | D:3      | Learned a level 3 spell: Frozen Ramparts
  3320 | D:3      | Found Tamp's Antique Weapon Emporium.
  3573 | D:3      | Found Camobr Giodo's Assorted Antiques.
  3593 | D:3      | Bought a scroll labelled ZYBRIFROGOO for 22 gold pieces
  3593 | D:3      | Bought a smoky yellow potion for 19 gold pieces
  3593 | D:3      | Bought a scroll labelled XISHRE BOFOA for 22 gold pieces
  4128 | D:4      | Reached skill level 1 in Ice Magic
  4528 | D:4      | Reached XP level 7. HP: 38/38 MP: 5/12
  4740 | D:4      | Noticed Pikel
  5070 | D:4      | Found an iron altar of Okawaru.
  5285 | D:4      | Found a basalt altar of Yredelemnul.
  5543 | D:4      | Killed Pikel
  5544 | D:4      | Reached skill level 6 in Earth Magic
  5544 | D:4      | Reached XP level 8. HP: 43/43 MP: 3/14
  5989 | D:5      | Entered Level 5 of the Dungeon
  6033 | D:5      | Noticed Eustachio
  6043 | D:5      | Killed Eustachio
  6119 | D:5      | Found a radiant altar of Vehumet.
  6138 | D:5      | Became a worshipper of Vehumet
  6624 | D:5      | Found a glowing drain.
  6789 | D:6      | Found Tum Tyle's Assorted Antiques.
  6792 | D:6      | Reached skill level 7 in Earth Magic
  6861 | D:6      | Bought a notched bronze ring for 145 gold pieces
  6871 | D:6      | Reached skill level 5 in Spellcasting
  6871 | D:6      | Reached skill level 5 in Conjurations
  7078 | D:6      | Noticed a troll
  7086 | D:6      | Killed a troll
  7128 | D:6      | Reached XP level 9. HP: 51/51 MP: 6/16
  7162 | D:6      | Reached skill level 5 in Ice Magic
  7287 | D:6      | Found the +18 Lear's hauberk
  7294 | D:6      | Reached skill level 1 in Maces & Flails
  7530 | D:6      | Reached * piety under Vehumet
  7530 | D:6      | Offered knowledge of Foxfire by Vehumet.
  7905 | D:6      | Found a staircase to the Ecumenical Temple.
  8086 | D:6      | Identified the +11 dire flail "Killer Bee's Curse" {pain,
                  | Fly rElec Int+5}
  8203 | D:6      | Noticed a moth of wrath
  8205 | D:6      | Found a bloodstained altar of Trog.
  8433 | D:7      | Found a sand-covered staircase.
  8467 | Ossuary  | Entered an ossuary
  8613 | Ossuary  | Reached skill level 8 in Earth Magic
  8614 | Ossuary  | Reached ** piety under Vehumet
  8614 | Ossuary  | Offered knowledge of Momentum Strike by Vehumet.
  8995 | D:7      | Offered knowledge of Scorch by Vehumet.
  9058 | D:7      | Found a snail-covered altar of Cheibriados.
  9062 | D:7      | Found a hide-covered altar of Uskayaw.
  9359 | D:8      | Noticed a hornet
  9363 | D:8      | Killed a hornet
  9376 | D:8      | Noticed Joseph
  9414 | D:8      | Killed Joseph
  9415 | D:8      | Reached XP level 10. HP: 28/56 MP: 7/19
  9636 | D:8      | Reached skill level 9 in Earth Magic
  9646 | D:8      | Reached *** piety under Vehumet
 10031 | D:8      | Found a shadowy altar of Dithmenos.
 10038 | D:8      | Found an ancient bone altar of Kikubaaqudgha.
 10041 | D:8      | Found a glowing silver altar of Zin.
 10041 | D:8      | Found an opulent altar of Gozag.
 10048 | D:8      | Found a sparkling altar of Nemelex Xobeh.
 10360 | D:9      | Noticed a two-headed ogre
 10371 | D:9      | Killed a two-headed ogre
 10414 | D:9      | Reached skill level 5 in Maces & Flails
 10558 | D:9      | Offered knowledge of Fulminant Prism by Vehumet.
 10689 | D:9      | Reached skill level 10 in Earth Magic
 10936 | D:8      | Reached skill level 1 in Necromancy
 11090 | D:8      | Reached XP level 11. HP: 46/60 MP: 22/22
 11243 | D:8      | Reached **** piety under Vehumet
 11558 | D:9      | Offered knowledge of Freezing Cloud by Vehumet.
 11726 | D:9      | Found a glowing golden altar of the Shining One.
 12144 | D:9      | Found a staircase to the Lair.
 12198 | D:9      | Gained mutation: A frigid envelope surrounds you and
                  | freezes all who hurt you. [potion of mutation]
 12198 | D:9      | Gained mutation: You have a pair of small antennae on your
                  | head. [potion of mutation]
 12230 | D:9      | Reached skill level 11 in Earth Magic
 12241 | D:9      | Reached skill level 1 in Armour
 12396 | D:9      | Found the +0 pair of fencer's gloves {Riposte Dex+3}
 12439 | D:9      | Found a white marble altar of Elyvilon.
 12583 | D:10     | Entered Level 10 of the Dungeon
 12609 | D:10     | Learned a level 5 spell: Freezing Cloud
 12612 | D:10     | Learned a level 2 spell: Blink
 12615 | D:10     | Learned a level 2 spell: Passwall
 12683 | D:10     | Noticed a cyclops
 12917 | D:9      | Reached skill level 1 in Translocations
 12918 | D:9      | Reached skill level 1 in Air Magic
 13176 | D:10     | Reached ***** piety under Vehumet
 13184 | D:10     | Killed a cyclops
 13184 | D:10     | Offered knowledge of Starburst by Vehumet.
 13992 | D:10     | Found a shimmering altar of Xom.
 13993 | D:10     | Found a hazy altar of Hepliaklqana.
 14154 | D:11     | Noticed a manticore
 14156 | D:11     | Killed a manticore
 14157 | D:11     | Reached XP level 12. HP: 64/64 MP: 20/25
 14410 | D:11     | Learned a level 6 spell: Starburst
 14548 | D:11     | Noticed a boulder beetle
 14554 | D:11     | Killed a boulder beetle
 14555 | D:11     | Reached skill level 1 in Fire Magic
 15218 | D:12     | Found a portal to a secret trove of treasure.
 15299 | D:12     | Noticed a boulder beetle
 15309 | D:12     | Killed a boulder beetle
 15368 | D:12     | You are sucked into a shaft and drop 3 floors!
 15368 | D:15     | Entered Level 15 of the Dungeon
 15377 | D:15     | Reached skill level 5 in Fighting
 15773 | D:15     | Found a staircase to the Depths.
 16622 | D:14     | Noticed Snorg
 16629 | D:14     | Killed Snorg
 16630 | D:14     | Reached skill level 5 in Fire Magic
 16869 | D:14     | Reached XP level 13. HP: 76/76 MP: 19/26
 16955 | D:14     | Offered knowledge of Fireball by Vehumet.
 17074 | D:14     | Identified the +6 sling "Gram" {drain, Dex+3}
 17666 | D:13     | Learned a level 5 spell: Fireball
 17773 | D:13     | Reached skill level 10 in Maces & Flails
 18146 | D:13     | Noticed Rupert
 18160 | D:13     | Killed Rupert
 18398 | D:13     | Shot with an arrow by a centaur warrior

Illustrated notes

Levels and vault maps discovered:
D:1:      elethiomel_arrival_shortcut, layout_basic
D:2:      layout_basic, basic_altar, kennysheep_generic_room_8
D:3:      layout_rooms, serial_shops, nicolae_shop_overgrown_old_shop, shop,
          nicolae_shop_just_a_little_nook, patterned_corridor
D:4:      layout_layer_cave, mainiacjoe_overflow_catwalk,
          nicolae_overflow_hidden_temple, roderic_serpentine_path, uniq_pikel
D:5:      layout_rooms, vehumet_altar_wand_db, cheibrodos_sewer_entry_bend,
          uniq_eustachio
D:6:      layout_basic, tgw_trog, minmay_temple_entry_ruins, serial_shops,
          nicolae_square_shop, hellmonk_guarded_unrand_lears
D:7:      layout_rooms, minitemple, enter_ossuary_1
D:8:      nicolae_cairo_tiling_very_big, layout_loops_ring,
          nicolae_overflow_hallway_of_the_gods, kennysheep_potato, uniq_joseph
D:9:      layout_rooms, tso_oasis_becter, mainiacjoe_overflow_alcove_4,
          hellmonk_lair_entry_icy, serial_glass, glass_columns_a,
          glass_columns_c, minivault_7
D:10:     layout_cave_pools, regret_index_temple_of_mockery, minmay_liquid_box
D:11:     layout_roguey, st_stairs_9, minmay_misc_feat_room,
          grunt_decor_mini_mirrors, nrook_campfire
D:12:     kennysheep_treasure_stockpile, layout_rooms, erik_orc_4, enter_trove_0
D:13:     minmay_cornered_nines, layout_irregular_city, david_vaults_3,
          minmay_bent
D:14:     layout_basic, dk_noncrumbling_4, water_maze_lemuel, uniq_snorg
D:15:     grunt_enter_depths_magical_seal, layout_irregular_city,
          chequers_jeans, minivault_19, grunt_decor_resistance,
          hangedman_decor_growths

Skill      XL: |  1  2  3  4  5  6  7  8  9 10 11 12 13 |
---------------+----------------------------------------+-----
Fighting       | 1 3 7 9 |  9.6
Earth Magic    | 4 5 6 7 8 10 11 | 11.2
Conjurations   | 2 3 4 5 7 8 9 |  9.4
Spellcasting   | 3 4 5 6 7 9 |  9.0
Ice Magic      | 1 3 4 5 |  5.0
Maces & Flails | 3 5 6 8 10 | 10.6
Necromancy     | 1 2 |  2.6
Armour         | 2 |  2.0
Translocations | 2 |  2.9
Air Magic      | 2 |  2.6
Fire Magic     | 5 8 |  8.2
Dodging        | |  1.5
Stealth        | |  2.1
Transmutations | |  0.7

Action                     |  1- 3 |  4- 6 |  7- 9 | 10-12 | 13-15 || total
---------------------------+-------+-------+-------+-------+-------++-------
  Melee: Flail             |       |     4 |    27 |       |       ||    31
         Punch             |       |       |     1 |       |       ||     1
         Dire flail        |       |       |   165 |   309 |    92 ||   566
   Cast: Sandblast         |    40 |    65 |    32 |     3 |     2 ||   142
         Stone Arrow       |       |     1 |    54 |    92 |    16 ||   163
         Frozen Ramparts   |       |       |     5 |    21 |     8 ||    34
         Freezing Cloud    |       |       |       |     8 |    13 ||    21
         Fireball          |       |       |       |       |    12 ||    12
  Evoke: Wand              |       |       |       |       |     3 ||     3
    Use: Scroll            |       |     5 |    18 |     5 |     2 ||    30
         Potion            |       |       |     4 |     1 |     1 ||     6
   Stab: Sleeping          |       |       |     2 |       |       ||     2
 Armour: Robe              |     3 |    13 |   149 |    97 |       ||   262
         Acid dragon scale |       |       |       |    88 |       ||    88
         Troll leather arm |       |       |       |    24 |    44 ||    68
  Dodge: Dodged            |     5 |    33 |   151 |   240 |    43 ||   472
Riposte: Dire flail        |       |       |       |    12 |    11 ||    23
